 Dungeon Crawl Stone Soup version 0.29-a0-330-g52719c12eb (webtiles) character file.

Game seed: 3783861649577163131

79 kae the Firebug (level 3, -1/28 HPs)
             Began as a Demigod Fire Elementalist on May 29, 2022.
             Succumbed to Sigmund's poison
             ... on level 2 of the Dungeon.
             The game lasted 00:01:12 (2038 turns).

kae the Firebug (Demigod Fire Elementalist)         Turns: 2038, Time: 00:01:13

Health: -1/28      AC:  5    Str: 15    XL:     3   Next: 95%
Magic:  6/8        EV: 12    Int: 21    God:
Gold:   99         SH:  0    Dex: 14    Spells: 0/6 levels left

rFire   . . .      SeeInvis .   e - +1 dagger (venom)
rCold   . . .      Faith    .   (no shield)
rNeg    . . .      Spirit   .   a - +0 robe
rPois   .          Reflect  .   (no helmet)
rElec   .          Harm     .   f - +2 cloak
rCorr   .          Rampage  .   (no gloves)
Will    .....                   (no boots)
Stlth   ++........              (no amulet)
HPRegen 0.09/turn               g - +6 ring of strength
MPRegen 0.11/turn               (no ring)

@: lethally poisoned (-1 -> -17)
A: high MP 1, forlorn, divine attributes
a: no special abilities


You were on level 2 of the Dungeon.
You visited 1 branch of the dungeon, and saw 2 of its levels.

You collected 99 gold pieces.

Inventory:

Hand Weapons
 e - a +1 dagger of venom (weapon)
Armour
 a - a +0 robe (worn)
 f - a +2 cloak (worn)
Jewellery
 g - a +6 ring of strength (left hand)
Scrolls
 c - a scroll of amnesia {unknown}
 d - a scroll of enchant armour {unknown}
 i - a scroll of enchant weapon {unknown}
Potions
 b - a potion of magic
 h - a potion of ambrosia
 j - 2 potions of mutation {unknown}


   Skills:
 + Level 1.0 Fighting
 - Level 1.7 Dodging
 - Level 1.7 Stealth
 + Level 2.2 Spellcasting
 * Level 2.2 Conjurations
 * Level 3.4 Fire Magic


You couldn't memorise any spells.
You knew the following spells:

 Your Spells              Type           Power      Damage    Failure   Level
a - Foxfire               Conj/Fire      56%        2x1d6     4%          1
b - Scorch                Fire           32%        2d6       5%          2
c - Conjure Flame         Conj/Fire      14%        6-21      14%         3

Your spell library contained the following spells:

 Spells                   Type           Power      Damage    Failure   Level
 Beastly Appendage        Tmut           4%         N/A       14%         1
 Slow                     Hex            8%         N/A       14%         1
 Passwall                 Tmut/Erth      1%         N/A       22%         2
 Inner Flame              Hex/Fire       9%         N/A       22%         3
 Confusing Touch          Hex            2%         N/A       41%         3
 Vampiric Draining        Necr           2%         2d6       41%         3
 Flame Wave               Conj/Fire      14%        2d6       41%         4


Dungeon Overview and Level Annotations

Branches:
Dungeon (2/15)

Annotations:
D:2 Sigmund


Innate Abilities, Weirdness & Mutations

You have an increased reservoir of magic. (+10% MP)
You shall have no god before yourself.
Your divine heritage dramatically boosts your attributes as you level up.


Message History

You kill the goblin!
j - 2 fuming dark potions (gained 1)
You now have 99 gold pieces (gained 12).
Things that are here:
a +0 dagger; 29 stones
Casting: Foxfire (safe; 4% risk of failure)
Confirm with . or Enter, or press ? or * to list all spells.
You conjure some foxfire!
Your foxfire dissipates! x2
You see here a ball python corpse.
Things that are here:
a +0 club; a goblin skeleton
Casting: Foxfire (safe; 4% risk of failure)
Confirm with . or Enter, or press ? or * to list all spells.
You conjure some foxfire!
Your foxfire dissipates! x2
d - a scroll labelled MODA SAOTZ Sigmund is nearby!
Casting: Foxfire (safe; 4% risk of failure)
Confirm with . or Enter, or press ? or * to list all spells.
You conjure some foxfire!
Sigmund shouts!
Sigmund hits you from afar with a +2 scythe of venom!
You are poisoned.
Sigmund is nearby!
Casting: Foxfire (safe; 4% risk of failure)
Confirm with . or Enter, or press ? or * to list all spells.
You conjure some foxfire!
You feel very sick.
Sigmund hits you from afar with a +2 scythe of venom!
* * * LOW HITPOINT WARNING * * *
You are more poisoned.
* * * LOW HITPOINT WARNING * * *
You feel very sick.
The foxfire hits Sigmund.
Sigmund is lightly wounded.
There is a lethal amount of poison in your body!
There is a lethal amount of poison in your body!
Okay, then.
You die...

...# ..# ###... ####
##..### ### #...
...# #.)...# #...
#.. #..÷..# ...#
#.##..)..# #...##
#........#
#.#..####.#.....#
..##.§#.##.........#
......§............#
.#@v...#[.....#
##.#.##.##.###
#..@!###...##.#
##.## ##..#.# #
#....# ..#..# ###.#
#§##### ###§§§..#


There were no monsters in sight!

Vanquished Creatures
  3 adders (D:2)
  A dart slug (D:2)
  4 bats
  3 endoplasms (D:1)
  4 giant cockroaches
  9 hobgoblins
  2 quokkas (D:1)
  4 ball pythons
  5 frilled lizards
  6 goblins
  3 kobolds
  A rat (D:1)
45 creatures vanquished.

Vanquished Creatures (others)
  151 foxfires
151 creatures vanquished.

Grand Total: 196 creatures vanquished

Notes
Turn   | Place    | Note
-------+----------+-------------------------------------------
     0 | D:1      | kae the Demigod Fire Elementalist began the quest for the
                  | Orb.
     0 | D:1      | Reached XP level 1. HP: 14/14 MP: 5/5
   144 | D:1      | Reached skill level 1 in Conjurations
   218 | D:1      | Got the Collected Works on Flamy Shape Shifting
   372 | D:1      | Reached XP level 2. HP: 20/20 MP: 4/7
   533 | D:1      | Reached skill level 3 in Fire Magic
  1507 | D:2      | Reached XP level 3. HP: 27/27 MP: 6/8
  1591 | D:2      | Learned a level 2 spell: Scorch
  1595 | D:2      | Learned a level 3 spell: Conjure Flame
  1809 | D:2      | Noticed Sigmund
  1854 | D:2      | Reached skill level 1 in Fighting
  2038 | D:2      | Succumbed to Sigmund's poison

Illustrated notes

Levels and vault maps discovered:
D:1:      elethiomel_arrival_maze, layout_basic, minmay_misc_feat_cross,
          hangedman_abyss_or_decor_stabs, corexii_corridor_pit, corner_web_ring
D:2:      layout_rooms, basic_altar, minmay_tall_x, uniq_sigmund

Skill      XL: |  1  2  3 |
---------------+----------+-----
Conjurations   | 1 2 |  2.2
Spellcasting   | 2 |  2.2
Fire Magic     | 3 |  3.4
Fighting       | 1 |  1.0
Dodging        | |  1.7
Stealth        | |  1.7

Action                   || total
-------------------------++-------
Melee: Dagger            ||    13
 Cast: Foxfire           ||    89
  Use: Scroll            ||     4
Armor: Robe              ||    12
Dodge: Dodged            ||    25

Table legend: (Time is in decaauts)
 A = Elapsed time spent in this place.
 B = Non-inter-level travel time spent in this place.
 C = Inter-level travel time spent in this place.
 D = Time resting spent in this place.
 E = Time spent auto-exploring this place.
 F = Levels seen in this place.
 G = Mean time per level.
                   A        B        C        D        E       F      G
               +--------+--------+--------+--------+--------+-----+--------+
         Total |   2036 |   1977 |     59 |      0 |   1651 |   2 | 1018.0 |
       Dungeon |   2036 |   1977 |     59 |      0 |   1651 |   2 | 1018.0 |
               +--------+--------+--------+--------+--------+-----+--------+

Top non-repeatable levels by time:
     D:1: 1494 daAuts
     D:2: 542 daAuts
